 Dungeon Crawl Stone Soup version 0.18-a0-5-gf1fb587 (webtiles) character file.

75482 4thArraOfDagon the Brawler (level 15, -7/214 HPs)
             Began as a Troll Monk on Oct 31, 2015.
             Was an Elder of Ashenzari.
             Mangled by comborobin's ghost (39 damage)
             ... on level 12 of the Dungeon.
             The game lasted 01:00:57 (9207 turns).

4thArraOfDagon the Brawler (Troll Monk)             Turns: 9207, Time: 01:00:57

Health: -7/214     AC:  7    Str: 28    XL:     15   Next: 9%
Magic:  18/18      EV: 15    Int: 11    God:    Ashenzari [****..]
Gold:   841        SH:  0    Dex: 12    Spells: 0 memorised, 14 levels left

rFire  . . .     SeeInvis +       - Unarmed
rCold  + . .     Clarity  +     q - +2 robe {MR+} (curse)
rNeg   + . .     SustAt   .     (no shield)
rPois  +         Gourm    +     z - +0 mask of the Dragon {MR+ Slay+3 SInv} (curse)
rElec  .         Spirit   .     (no cloak)
rCorr  .         Warding  .     (gloves unavailable)
rMut   .         Stasis   .     (boots unavailable)
MR     +++..                    t - amulet of rage (curse)
Stlth  ..........               Q - ring of Paatsit {*Contam +Blink rPois rC+ Slay+5} (curse)
                                H - ring of Shadows {Umbra +Inv rN+ SInv}

@: berserking, wreathed by umbra, very quick, extremely resistant to hostile
enchantments, extremely unstealthy
A: unfitting armour, claws 3, clarity, fast metabolism 3, gourmand, regeneration
2, shaggy fur 1, tough skin 2, no device heal 1, MP-powered wands
a: Scrying, Renounce Religion, Evoke Blink, Evoke Berserk Rage, Evoke
Invisibility


You were on level 12 of the Dungeon.
You worshipped Ashenzari.
Ashenzari was greatly pleased with you.
You were very full.

You visited 3 branches of the dungeon, and saw 20 of its levels.
You visited the Abyss 1 time.
You also visited: Ossuary.

You collected 2725 gold pieces.
You spent 1884 gold pieces at shops.

Inventory:

Hand Weapons
 n - a +0 giant spiked club
Missiles
 a - 6 javelins of penetration (quivered)
 I - 15 large rocks
Armour
 q - a cursed +2 robe of magic resistance (worn)
 z - the cursed +0 mask of the Dragon (worn) {MR+ Slay+3 SInv}
   (You found it on level 9 of the Dungeon)

   It affects your accuracy and damage with ranged weapons and melee attacks
   (+3).
   It affects your resistance to hostile enchantments.
   It lets you see invisible.
   It has a curse placed upon it.
Jewellery
 e - an uncursed ring of sustain attributes
 f - an uncursed amulet of resist corrosion
 t - a cursed amulet of rage (around neck)
 A - the ring "Baiquuniu" {+/*Tele MR+ Str+4 Slay+3}
   (You bought it in a shop on level 4 of the Orcish Mines)

   [ring of teleportation]

   It may teleport you to nearby monsters, and can be evoked to randomly
   teleport.
   It affects your strength (+4).
   It affects your accuracy and damage with ranged weapons and melee attacks
   (+3).
   It affects your resistance to hostile enchantments.
 H - the ring of Shadows (left claw) {Umbra +Inv rN+ SInv}
   (You found it on level 3 of the Elven Halls)

   [ring of invisibility]

   It protects you from negative energy.
   It lets you see invisible.
   It lets you turn invisible.
 K - an uncursed amulet of guardian spirit
 P - an uncursed ring of protection from cold
 Q - the cursed ring of Paatsit (right claw) {*Contam +Blink rPois rC+ Slay+5}
   (You took it off a deep elf sorcerer on level 3 of the Elven Halls)

   [ring of protection from cold]

   It affects your accuracy and damage with ranged weapons and melee attacks
   (+5).
   It protects you from cold.
   It protects you from poison.
   It lets you blink.
   It causes magical contamination when unequipped.
   It has a curse placed upon it.
 R - an uncursed ring of positive energy
 X - the ring of Vizepruiroll {+Fly Str+3}
   (You found it on level 3 of the Elven Halls)

   [ring of flight]

   It affects your strength (+3).
   It lets you fly.
Wands
 L - a wand of cold (12)
Scrolls
 c - a scroll of teleportation
 h - 3 scrolls of enchant armour
 j - 3 scrolls of recharging
 o - a scroll of enchant weapon
 p - 2 scrolls of remove curse
 r - a scroll of immolation
 s - 2 scrolls of fear
 J - 4 scrolls of curse armour
 O - 2 scrolls of identify
Potions
 d - 4 potions of haste
 i - 3 potions of flight
 k - 2 potions of brilliance
 l - 2 potions of curing
 m - 2 potions of ambrosia
 C - 3 potions of lignification
 D - a potion of might
 E - 2 potions of mutation
 F - 2 potions of agility
 G - a potion of invisibility
 M - a potion of berserk rage
Books
 u - a book of the Tempests

   Spells                             Type                      Level
   a - Static Discharge               Conjuration/Air              3
   b - Lightning Bolt                 Conjuration/Air              5
   c - Fireball                       Conjuration/Fire             5
   d - Tornado                        Air                          9
   e - Shatter                        Earth                        9
Miscellaneous
 w - a plain deck of defence {the Elixir}
 x - a fan of gales
 y - a stone of tremors
 N - a box of beasts {used: 4}
Comestibles
 b - 8 bread rations
 g - 6 meat rations
 v - 2 fruits
 B - a beef jerky
 S - a slice of pizza
 T - 5 chunks of flesh


   Skills:
 - Level 8.0 Fighting
 - Level 9.5(11.7) Dodging
 * Level 11.0(13.1) Stealth
 - Level 18.0 Unarmed Combat
 - Level 6.1(8.4) Evocations


You had 14 spell levels left.
You didn't know any spells.

Dungeon Overview and Level Annotations

Branches:
Dungeon (13/15)              Lair (0/8) D:10            Orc (4/4) D:9
    Elf (3/3) Orc:4
 Temple: D:4-7       Vaults: D:13-14

Altars:
Ashenzari
Makhleb
Nemelex Xobeh
Trog
Vehumet
Zin
Beogh

Shops:
D:7 [   Orc:3 !!   Orc:4 [(=*   Elf:1 :   Elf:2 (

Annotations:
D:12 Harold; comborobin's ghost, journeyman TrGl
Elf:2 2 runed doors, exclusion: orange crystal statue


Innate Abilities, Weirdness & Mutations

You are too large for most types of armour.
You have claws for hands.
Your metabolism is lightning-fast.
You like to eat raw meat.
You heal very quickly.
You are covered in fur (AC +1).
You have very tough skin (AC +2).
You possess an exceptional clarity of mind.
Potions and wands are less effective at restoring your health.
You expend magic power (3 MP) to strengthen your wands.


Message History

The phantom blinks!
You closely miss comborobin's ghost.
Comborobin's ghost is severely damaged.
Comborobin's ghost hits you!!!
* * * LOW HITPOINT WARNING * * *
You hear a croak.
You miss comborobin's ghost.
Comborobin's ghost is severely damaged.
The phantom closely misses you.
You closely miss comborobin's ghost.
Comborobin's ghost is severely damaged.
Comborobin's ghost hits you!!
* * * LOW HITPOINT WARNING * * *
You eviscerate comborobin's ghost!!!
Comborobin's ghost is almost destroyed.
The phantom blinks!
You barely miss comborobin's ghost.
Comborobin's ghost is almost destroyed.
Comborobin's ghost hits you!!!
You die...

* ** #.#####.##<# *,* ,
* #.##.>....# ,, * ,**
#.##.##.##.# ,,, * ,
#.##.##.#* ,,, * , *
#...()..#*** * ,
#>.#[)###* ###* ** ,,
#.###)# ,...., * ** ,**
#W.#..## ,..... , ,
......{#@....##...... *
, ,
..@.#.{##ยง.#.[.......,
* ,, , .F
>.({#............. ,*
*, ,*
.#.###..#.##......., *
*, *, *# #. #..#.#
....... ,**,,,**,# *
#...#. .###### *** * **
*, *#..# #..#* * * **
,,,..## #.. , ** * , *
,*** ## ,##*,,* *,


You could see comborobin's ghost.

Vanquished Creatures
  2 deep elf blademasters (Elf:3)
  A deep elf master archer (Elf:3)
  7 deep elf sorcerers (Elf:3)
  Aizul (Elf:3)
  2 orc warlords (Orc:4)
  5 deep elf annihilators
  A deep elf demonologist (Elf:3)
  5 deep elf death magi (Elf:3)
  An ice dragon (Orc:4)
  4 deep elf high priests (Elf:3)
  The ghost of tp1 the Arsonist, a journeyman DEFE of Vehumet (D:12)
  Erolcha (Orc:3)
  3 dancing weapons (Elf:2)
  3 orc high priests (Orc:4)
  2 thrashing horrors (Abyss:1)
  2 deep elf knights (Elf:3)
  An unseen horror (D:11)
  2 hill giants
  3 deep elf summoners
  11 deep elf conjurers
  6 orc sorcerers (Orc:4)
  3 orc knights (Orc:4)
  2 cyclopes
  An ugly thing (D:11)
  An elephant (D:10)
  The ghost of PeterLawrence the Basher, a novice GrFi of Okawaru (D:7)
  A centaur zombie (D:11)
  A spiny frog (shapeshifter) (Elf:1)
  A centaur skeleton (D:11)
  A komodo dragon (D:11)
  The ghost of tp1 the Thaumaturge, a novice DEFE of Vehumet (Ossuary)
  14 deep elf priests
  4 polar bears (Orc:4)
  A two-headed ogre (D:9)
  4 trolls
  A trapdoor spider (D:12)
  A water elemental (D:12)
  The ghost of st0uf the Ruffian, an amateur NaMo (D:3)
  4 wyverns
  10 yaks
  3 hungry ghosts
  24 deep elf fighters
  16 deep elf magi
  A wolf (Orc:4)
  Menkaure (D:5)
  4 wargs
  A hippogriff (D:9)
  A water moccasin (D:11)
  4 black bears (D:9)
  An ice beast (D:10)
  A necrophage (D:13)
  30 orc warriors
  A sky beast (D:10)
  13 ogres
  3 big kobolds
  5 centaurs (D:9)
  A crocodile (shapeshifter) (Elf:3)
  2 giant frogs
  A crocodile (D:10)
  A brain worm (Abyss:1)
  A scorpion (D:8)
  A killer bee (D:9)
  8 wights
  A hound (D:5)
  2 giant frog zombies
  A quasit (D:8)
  2 jellies
  17 orc priests
  A giant frog skeleton (D:9)
  20 orc wizards
  A gnoll shaman (D:9)
  3 worker ants
  6 sheep
  A big kobold zombie (Ossuary)
  2 small abominations
  8 mummies (Ossuary)
  A gnoll (D:9)
  5 adders
  An adder skeleton (D:5)
  An adder zombie (D:7)
  2 worms
  5 giant geckos
  134 orcs
  3 bats
  A gnoll zombie (Ossuary)
  4 goblins
  4 hobgoblins
  9 kobolds
  2 quokkas
  2 hobgoblin zombies (Ossuary)
  9 jackals
  A kobold zombie (Ossuary)
  3 orc zombies (Ossuary)
  4 rats
  A plant (D:9)
498 creatures vanquished.

Vanquished Creatures (collateral kills)
  A deep elf annihilator (Elf:3)
  A deep elf death mage (Elf:3)
  A deep elf knight (Elf:3)
  A deep elf fighter (Elf:3)
4 creatures vanquished.

Vanquished Creatures (others)
  A deep elf high priest (Elf:3)
  3 fungi (Orc:4)
4 creatures vanquished.

Grand Total: 506 creatures vanquished

Notes
Turn   | Place    | Note
--------------------------------------------------------------
     0 | D:1      | 4thArraOfDagon the Troll Monk began the quest for the Orb.
     0 | D:1      | Reached XP level 1. HP: 22/22 MP: 0/0
   250 | D:2      | Reached XP level 2. HP: 27/29 MP: 1/1
   338 | D:2      | Reached skill level 5 in Unarmed Combat
   338 | D:2      | Reached XP level 3. HP: 36/36 MP: 2/2
   353 | D:3      | Noticed st0uf's ghost (amateur NaMo)
   440 | D:3      | Killed st0uf's ghost
   440 | D:3      | Reached skill level 6 in Unarmed Combat
   440 | D:3      | Reached XP level 4. HP: 12/44 MP: 3/3
   440 | D:3      | Reached XP level 5. HP: 13/50 MP: 4/4
   526 | D:5      | Entered Level 5 of the Dungeon
   647 | D:6      | Reached skill level 7 in Unarmed Combat
   653 | D:6      | Noticed an ogre
   659 | D:6      | Killed an ogre
   659 | D:6      | Reached XP level 6. HP: 35/59 MP: 5/5
   687 | D:5      | Noticed Menkaure
   696 | D:5      | Killed Menkaure
   696 | D:5      | Reached skill level 8 in Unarmed Combat
   773 | D:7      | Found Xeacriuc's Antique Armour Shoppe.
   784 | D:7      | Bought an embroidered robe for 22 gold pieces
   833 | D:7      | Noticed a hungry ghost
   851 | D:7      | Reached XP level 7. HP: 60/66 MP: 6/6
   863 | D:7      | Killed a hungry ghost
   863 | D:7      | Reached skill level 9 in Unarmed Combat
   957 | D:7      | Noticed PeterLawrence's ghost (novice GrFi)
  1086 | D:7      | Found a bloodstained altar of Trog.
  1176 | D:8      | Found a sand-covered staircase.
  1181 | Ossuary  | Entered an ossuary
  1217 | Ossuary  | HP: 2/66 [mummy (18)]
  1277 | Ossuary  | Noticed tp1's ghost (novice DEFE)
  1302 | Ossuary  | Killed tp1's ghost
  1302 | Ossuary  | Reached skill level 10 in Unarmed Combat
  1302 | Ossuary  | Reached XP level 8. HP: 30/74 MP: 7/7
  1639 | D:8      | Reached skill level 11 in Unarmed Combat
  1769 | D:8      | Found a sparkling altar of Nemelex Xobeh.
  1911 | D:9      | Reached skill level 12 in Unarmed Combat
  1942 | D:8      | Reached XP level 9. HP: 49/80 MP: 8/8
  1987 | D:7      | Killed PeterLawrence's ghost
  2114 | D:5      | Found a glowing silver altar of Zin.
  2114 | D:5      | Found a sparkling altar of Nemelex Xobeh.
  2157 | D:5      | Found a shattered altar of Ashenzari.
  2158 | D:5      | Found a burning altar of Makhleb.
  2162 | D:5      | Found a radiant altar of Vehumet.
  2168 | D:5      | Became a worshipper of Ashenzari the Shackled
  2168 | D:5      | Reached * piety under Ashenzari
  2168 | D:5      | Reached ** piety under Ashenzari
  2374 | D:9      | Reached skill level 1 in Evocations
  2381 | D:9      | Reached skill level 13 in Unarmed Combat
  2463 | D:10     | Entered Level 10 of the Dungeon
  2611 | D:9      | Noticed a troll
  2615 | D:9      | Reached XP level 10. HP: 91/91 MP: 11/11
  2617 | D:9      | Killed a troll
  2716 | D:9      | Noticed a two-headed ogre
  2717 | D:9      | Noticed a troll
  2732 | D:9      | Killed a two-headed ogre
  2770 | D:9      | Killed a troll
  2867 | D:9      | Found a staircase to the Orcish Mines.
  2984 | Orc:1    | Entered Level 1 of the Orcish Mines
  2985 | Orc:1    | Found a radiant altar of Vehumet.
  3143 | Orc:2    | Found a roughly hewn altar of Beogh.
  3365 | Orc:3    | Found Eqafewerph's Distillery.
  3372 | Orc:3    | Noticed Erolcha
  3382 | Orc:3    | Killed Erolcha
  3418 | Orc:3    | Bought a potion of lignification for 48 gold pieces
  3418 | Orc:3    | Bought a potion of might for 64 gold pieces
  3418 | Orc:3    | Bought a potion of mutation for 40 gold pieces
  3418 | Orc:3    | Bought a potion of curing for 48 gold pieces
  3418 | Orc:3    | Bought a potion of agility for 64 gold pieces
  3418 | Orc:3    | Bought a potion of invisibility for 128 gold pieces
  3418 | Orc:3    | Gained mutation: You expend magic power (3 MP) to strengthen your wands. [potion of mutation]
  3418 | Orc:3    | Gained mutation: Potions and wands are less effective at restoring your health. [potion of mutation]
  3419 | Orc:3    | :(
  3419 | Orc:3    | RIP
  3440 | Orc:4    | Entered Level 4 of the Orcish Mines
  3493 | Orc:4    | Reached skill level 5 in Evocations
  3538 | Orc:4    | Reached skill level 14 in Unarmed Combat
  3585 | Orc:4    | Found a staircase to the Elven Halls.
  3644 | Orc:3    | Reached XP level 11. HP: 87/101 MP: 13/13
  3664 | Orc:3    | Found Puebruh's Distillery.
  3674 | Orc:3    | Bought 2 potions of curing for 102 gold pieces
  3674 | Orc:3    | Bought a potion of agility for 68 gold pieces
  3674 | Orc:3    | Bought a potion of mutation for 42 gold pieces
  3674 | Orc:3    | Bought a potion of heal wounds for 85 gold pieces
  3674 | Orc:3    | Bought a potion of lignification for 51 gold pieces
  3674 | Orc:3    | Bought a potion of lignification for 51 gold pieces
  3674 | Orc:3    | Bought a potion of mutation for 42 gold pieces
  3674 | Orc:3    | Bought 2 potions of degeneration for 34 gold pieces
  3691 | Orc:3    | Noticed a cyclops
  3711 | Orc:3    | Killed a cyclops
  3817 | Orc:4    | Noticed an orc sorcerer
  3818 | Orc:4    | Noticed an orc sorcerer
  3833 | Orc:4    | Killed an orc sorcerer
  3837 | Orc:4    | Killed an orc sorcerer
  3856 | Orc:4    | Reached skill level 5 in Dodging
  3881 | Orc:4    | Noticed an orc knight
  3910 | Orc:4    | Killed an orc knight
  3941 | Orc:4    | Found Geugid's Antique Weapon Emporium.
  4052 | Orc:4    | Noticed an orc warlord
  4131 | Orc:4    | Noticed an orc sorcerer
  4171 | Orc:4    | Killed an orc sorcerer
  4171 | Orc:4    | Reached skill level 5 in Fighting
  4248 | Orc:4    | Killed an orc warlord
  4355 | Orc:4    | Noticed an orc high priest
  4371 | Orc:4    | Killed an orc high priest
  4377 | Orc:4    | Noticed an orc knight
  4400 | Orc:4    | Killed an orc knight
  4437 | Orc:4    | Found Oluxky's Jewellery Emporium.
  4452 | Orc:4    | Noticed an orc high priest
  4454 | Orc:4    | Noticed an orc knight
  4501 | Orc:4    | Noticed an orc sorcerer
  4514 | Orc:4    | Killed an orc sorcerer
  4515 | Orc:4    | Found Onned's Antique Armour Shoppe.
  4558 | Orc:4    | Killed an orc knight
  4558 | Orc:4    | Reached skill level 15 in Unarmed Combat
  4674 | Orc:4    | Killed an orc high priest
  4674 | Orc:4    | Reached XP level 12. HP: 114/114 MP: 15/15
  4866 | Orc:4    | Noticed an ice dragon
  4877 | Orc:4    | Killed an ice dragon
  4941 | Orc:4    | Reached *** piety under Ashenzari
  4987 | Orc:4    | Noticed an orc sorcerer
  4998 | Orc:4    | Killed an orc sorcerer
  5034 | Orc:4    | Found Ojyupn's General Store.
  5039 | Orc:4    | Noticed an orc high priest
  5053 | Orc:4    | Killed an orc high priest
  5511 | Orc:4    | Bought the ring "Baiquuniu" {+/*Tele MR+ Str+4 Slay+3} for 715 gold pieces
  5526 | Orc:4    | Noticed an orc warlord
  5537 | Orc:4    | Killed an orc warlord
  5574 | Orc:4    | Noticed an orc high priest
  5579 | Elf:1    | Entered Level 1 of the Elven Halls
  5598 | Elf:1    | Reached skill level 16 in Unarmed Combat
  5662 | Elf:1    | Found Uwkat's Book Shoppe.
  5676 | Elf:1    | no statue
  5768 | Elf:1    | Noticed a deep elf annihilator
  5776 | Elf:1    | Killed a deep elf annihilator
  5787 | Elf:1    | Identified Jefunema's Guide on Fiery Battle Magic
  5951 | Elf:2    | Reached XP level 13. HP: 69/126 MP: 16/16
  6074 | Elf:2    | Found Pyatwo's Antique Weapon Shop.
  6087 | Elf:3    | Entered Level 3 of the Elven Halls
  6160 | Elf:3    | Noticed a deep elf demonologist
  6163 | Elf:3    | Killed a deep elf demonologist
  6452 | Elf:3    | Noticed a deep elf sorcerer
  6470 | Elf:3    | Killed a deep elf sorcerer
  6475 | Elf:3    | Noticed a deep elf annihilator
  6480 | Elf:3    | Killed a deep elf annihilator
  6480 | Elf:3    | Reached skill level 17 in Unarmed Combat
  6833 | Elf:3    | Reached skill level 5 in Stealth
  6867 | Elf:3    | Noticed a deep elf sorcerer
  6869 | Elf:3    | Cast into the Abyss (a deep elf sorcerer)
  6881 | Abyss:1  | Found a sparkling altar of Nemelex Xobeh.
  7059 | Elf:3    | Escaped the Abyss
  7059 | Elf:3    | Noticed a deep elf sorcerer
  7065 | Elf:3    | Killed a deep elf sorcerer
  7070 | Elf:3    | Killed a deep elf sorcerer
  7080 | Elf:3    | Reached XP level 14. HP: 136/136 MP: 14/17
  7085 | Elf:3    | Reached **** piety under Ashenzari
  7086 | Elf:3    | Noticed Aizul
  7198 | Elf:3    | Noticed a deep elf blademaster
  7207 | Elf:3    | Killed a deep elf blademaster
  7252 | Elf:3    | Noticed a deep elf sorcerer
  7273 | Elf:3    | Killed a deep elf sorcerer
  7273 | Elf:3    | Identified the ring of Paatsit {*Contam +Blink rPois rC+ Slay+5} (You took it off a deep elf sorcerer on level 3 of the Elven Halls)
  7351 | Elf:3    | Noticed a deep elf sorcerer
  7542 | Elf:3    | Noticed a deep elf master archer
  7621 | Elf:3    | Killed Aizul
  7686 | Elf:3    | Noticed a deep elf sorcerer
  7694 | Elf:3    | Killed a deep elf sorcerer
  7741 | Elf:3    | Killed a deep elf master archer
  7741 | Elf:3    | Reached skill level 18 in Unarmed Combat
  7808 | Elf:3    | Noticed a deep elf annihilator
  7838 | Elf:3    | Killed a deep elf annihilator
  7954 | Elf:3    | Noticed a deep elf annihilator
  7978 | Elf:3    | Killed a deep elf annihilator
  8080 | Elf:3    | Noticed a deep elf blademaster
  8096 | Elf:3    | Killed a deep elf blademaster
  8125 | Elf:3    | Noticed a deep elf annihilator
  8164 | Elf:3    | Killed a deep elf annihilator
  8213 | Elf:3    | Noticed a deep elf sorcerer
  8213 | Elf:3    | Noticed a deep elf annihilator
  8221 | Elf:3    | Killed a deep elf sorcerer
  8249 | Elf:3    | Identified the Handbook of Spatial Evil
  8301 | Elf:3    | Identified the ring of Vizepruiroll {+Fly Str+3}
  8386 | Elf:3    | Killed a deep elf annihilator
  8430 | Elf:3    | Killed a deep elf sorcerer
  8430 | Elf:3    | Reached skill level 10 in Stealth
  8538 | Elf:2    | Found a runed gate.
  8539 | Elf:2    | Found a runed gate.
  8540 | Elf:2    | Found a runed gate.
  8675 | Orc:4    | Noticed an orc sorcerer
  8685 | Orc:4    | Killed an orc sorcerer
  8692 | Orc:4    | Bought an uncursed amulet of resist corrosion for 280 gold pieces
  8793 | D:10     | Found a staircase to the Lair.
  8793 | D:10     | Noticed an elephant
  8793 | D:10     | Noticed a hill giant
  8807 | D:10     | Killed an elephant
  8813 | D:10     | Killed a hill giant
  8934 | D:11     | Reached XP level 15. HP: 126/143 MP: 18/18
  8938 | D:11     | Gained mutation: You possess an exceptional clarity of mind. [mutagenic meat]
  9031 | D:12     | Noticed tp1's ghost (journeyman DEFE)
  9048 | D:12     | Killed tp1's ghost
  9187 | D:12     | Noticed comborobin's ghost (journeyman TrGl)
  9189 | D:12     | Noticed Harold
  9207 | D:12     | Mangled by comborobin's ghost

Vault maps used:
D:1:      lightli_arrival_chessboard
D:2:      nicolae_tso_carved_into_rock
D:3:      first_bread
D:4:      minmay_temple_entry_fiery, serial_shops, nicolae_shop_crystal
D:5:      gammafunk_temple_overflow_elements, minitemple, uniq_menkaure
D:6:      serial_bayou_pond_e
D:7:      kennysheep_little_box, serial_shops, shop_fountains, uniq_pikel
D:8:      lightli_ossuary_entry_decrepit_ruins, basic_altar
D:9:      kennysheep_town
D:10:     david_lair_generic
D:11:     hangedman_cross_stitches, hangedman_fish_farm, roderic_roman_lattice,
          uniq_maud
D:12:     erik_rubicon_b, uniq_harold, uniq_urug
D:13:     basic_altar, serial_shops, nicolae_shop_window_shopping, shop, shop,
          nicolae_shop_window_shopping, shop
Orc:1:    basic_altar, nicolae_orc_rockfall
Orc:2:    basic_altar
Orc:3:    serial_shops, shop, nicolae_shop_temple_entry_statues_fountains,
          nicolae_orc_pool_cavern, uniq_erolcha
Orc:4:    grunt_orc_gardens, grunt_orc_garden, grunt_orc_garden,
          grunt_orc_garden, grunt_orc_garden,
          portal_ice_cave_entry_animals_and_master, nicolae_orc_flooded_monolith
Elf:1:    elf_arrival_002, serial_shops, nicolae_shop_stone,
          minmay_elf_annihilation
Elf:2:    serial_shops, shop, minivault_16
Elf:3:    minmay_elf_hall_dome, grunt_megastairs_3, uniq_aizul
Ossuary:  ossuary_tomb_3

Action                   |  1- 3 |  4- 6 |  7- 9 | 10-12 | 13-15 || total
-------------------------+-------+-------+-------+-------+-------++-------
Melee: Unarmed           |    85 |    50 |   229 |   665 |   465 ||  1494
Throw: Javelin           |       |       |       |     2 |       ||     2
 Abil: Evoke Berserk Rag |       |       |     5 |    22 |    21 ||    48
       Evoke Teleportati |       |       |       |       |    22 ||    22
Evoke: Box of beasts     |       |       |       |       |     4 ||     4
  Use: Potion            |       |       |     4 |     2 |     2 ||     8
       Scroll            |       |       |     7 |    10 |     8 ||    25
 Stab: Sleeping          |     1 |       |       |     4 |     4 ||     9
       Distracted        |       |       |       |       |     2 ||     2
  Eat: Chunk             |     7 |     3 |    27 |    49 |    56 ||   142
       Pizza             |     1 |       |     1 |       |       ||     2
       Beef jerky        |       |       |     4 |       |       ||     4
       Fruit             |       |       |     4 |       |       ||     4
